 Dungeon Crawl Stone Soup version 0.20-b1-24-gb21faa7 (webtiles) character file.

2960 mike2R the Tainter (level 9, 0/109 HPs)
             Began as a Green Draconian Venom Mage on May 24, 2017.
             Was a Believer of Cheibriados.
             Slain by a two-headed ogre
             ... wielding a +0 giant club
              (16 damage)
             ... on level 8 of the Dungeon on May 25, 2017.
             The game lasted 01:24:46 (9785 turns).

mike2R the Tainter (Green Draconian Venom Mage)     Turns: 9785, Time: 01:24:46

Health: 0/109      AC: 26    Str: 16    XL:     9   Next: 52%
Magic:  10/13      EV:  2    Int: 24    God:    Cheibriados [**....]
Gold:   487        SH:  0    Dex: 16    Spells: 1/12 levels left

rFire    . . .     SeeInvis .   q - +2 flail
rCold    . . .     Gourm    .   (no shield)
rNeg     + + +     Faith    .   (armour unavailable)
rPois    +         Spirit   .   (helmet currently unavailable)
rElec    .         Reflect  .   (cloak currently unavailable)
rCorr    .         Harm     .   (gloves currently unavailable)
MR       +....     NoTele   +   (boots currently unavailable)
Stlth    ++........             (no amulet)
Regen    0.3/turn               C - +2 ring of protection
MPRegen  0.2/turn               i - ring of protection from magic

@: tree-form (expiring), very slow
A: (breathe noxious fumes), unfitting armour, AC +7
a: Bend Time, Renounce Religion


You were on level 8 of the Dungeon.
You worshipped Cheibriados.
Cheibriados was pleased with you.
You were hungry.
You were a tree.
You visited 2 branches of the dungeon, and saw 9 of its levels.

You collected 487 gold pieces.

Inventory:

Hand Weapons
 q - a +2 flail (weapon)
Missiles
 g - 441 stones
 r - 5 javelins (quivered)
Armour
 o - a +2 pair of boots (melded)
 y - a +1 pair of gloves (melded)
Jewellery
 i - a ring of protection from magic (right branch)
 t - an uncursed ring of stealth
 C - a +2 ring of protection (left branch)
Wands
 j - a wand of polymorph (0/24)
 D - a wand of digging (13/24)
Scrolls
 d - 2 scrolls of teleportation
 f - a scroll of remove curse
 h - a scroll of noise {unknown}
 k - a scroll of fog
 l - a scroll of torment {unknown}
 m - a scroll of recharging {unknown}
 A - a scroll of fear {unknown}
 B - a scroll of immolation {unknown}
 E - a scroll of summoning {unknown}
Potions
 b - a potion of heal wounds {unknown}
 e - 4 potions of curing
 p - a potion of haste
 s - 2 potions of flight
 z - 2 potions of cancellation
 F - a potion of mutation
Books
 a - a Young Poisoner's Handbook

   Spells                             Type                      Level
   a - Sting                          Conjuration/Poison           1
   b - Poisonous Vapours              Poison/Air                   2
   c - Mephitic Cloud                 Conjuration/Poison/Air       3
   d - Olgreb's Toxic Radiance        Poison                       4
   e - Venom Bolt                     Conjuration/Poison           5
 n - a book of Misfortune

   Spells                             Type                      Level
   a - Confusing Touch                Hexes                        1
   b - Confuse                        Hexes                        3
   c - Gell's Gravitas                Translocation                3
   d - Petrify                        Transmutation/Earth          4
   e - Metabolic Englaciation         Hexes/Ice                    5
   f - Yara's Violent Unravelling     Hexes/Transmutation          5
Comestibles
 c - 3 fruits
 u - a royal jelly


   Skills:
 + Level 4.9 Fighting
 + Level 4.4 Maces & Flails
 + Level 1.1 Throwing
 - Level 4.3 Dodging
 - Level 1.7 Stealth
 - Level 2.0 Spellcasting
 - Level 4.6 Conjurations
 - Level 1.8 Air Magic
 - Level 9.2 Poison Magic
 - Level 6.2 Invocations


You had one spell level left.
You knew the following spells:

 Your Spells              Type           Power        Failure   Level  Hunger
a - Sting                 Conj/Pois      ####         1%          1    #......
b - Poisonous Vapours     Pois/Air       ####..       1%          2    ##.....
c - Mephitic Cloud        Conj/Pois/Air  ####....     4%          3    ###....
d - Venom Bolt            Conj/Pois      #####.....   19%         5    ######.


Dungeon Overview and Level Annotations

Branches:
Dungeon (8/15)             Temple (1/1) D:7
   Lair: D:8-11

Altars:
Ashenzari
Cheibriados
Dithmenos
Elyvilon
Fedhas
Gozag
Hepliaklqana
Kikubaaqudgha
Makhleb
Nemelex Xobeh
Okawaru
Qazlal
Ru
Sif Muna
Trog
Uskayaw
Vehumet
Xom
Yredelemnul
Zin
The Shining One

Shops:
D:6 ==[!   D:7 =


Innate Abilities, Weirdness & Mutations

((You can breathe blasts of noxious fumes.))
((Your lurid green scales are hard. (AC +7)))
You cannot fit into any form of body armour.
((Your system is resistant to poisons. (rPois)))
((You are cold-blooded and may be slowed by cold attacks.))


Message History

You kill the wyvern!
Cheibriados appreciates the change of pace.
Your Throwing skill increases to level 1!
Okay, then.
Casting: Poisonous Vapours
Confirm with . or Enter, or press ? or * to list all spells.
Aiming: Poisonous Vapours
Press: ? - help, Dir - move target cursor, f/p - two-headed ogre
Aim: a two-headed ogre, wielding two giant clubs Poisonous vapours surround the two-headed ogre!
Your transformation is almost over.
The two-headed ogre is engulfed in poison gas.
The two-headed ogre is poisoned.
The two-headed ogre hits you with a giant club.
* * * LOW HITPOINT WARNING * * *
The two-headed ogre barely misses you.
You barely miss the two-headed ogre.
The two-headed ogre is lightly wounded.
The two-headed ogre hits you with a giant club!
You die...

.≈≈#≈§≈≈#≈...........
#..≈§≈8>§≈§.......#
#..≈≈≈._§§§.......#
##...§≈≈≈≈≈........#
#....#≈##§#...###......
#.....§≈§≈§...# ......
#...§..≈§§....# .....
#......§≈O....# ......
#.##....♣########......
#................# ###.
######...........+
#........(..#
##+###.#)#### #.#(#
..#.#######
...#.......#
##.########.#


You could see a two-headed ogre.

Vanquished Creatures
  A hippogriff (D:7)
  A wyvern (D:8)
  A hungry ghost (D:6)
  A black bear (D:6)
  3 orc warriors
  An ice beast (D:4)
  A necrophage (D:6)
  A sky beast (D:6)
  2 centaurs
  2 ogres
  A big kobold (D:8)
  A wyvern zombie (D:6)
  2 bullfrogs
  4 crimson imps
  11 orc wizards
  A jelly (D:8)
  3 hounds
  3 centaur skeletons
  An orc priest (D:5)
  3 bullfrog skeletons
  3 iguanas
  2 worker ants (D:4)
  Terence (D:2)
  A hound zombie (D:7)
  A hound skeleton (D:7)
  A mummy (D:5)
  2 worker ant zombies
  Robin (D:1)
  7 adders
  3 gnolls (D:2)
  A howler monkey skeleton (D:5)
  2 oozes (D:3)
  An adder zombie (D:8)
  4 worms
  4 dart slugs
  2 leopard geckos
  40 orcs
  7 bats
  3 giant cockroaches
  12 goblins
  14 hobgoblins
  14 jackals
  3 quokkas
  8 frilled lizards
  13 kobolds
  A leopard gecko skeleton (D:4)
  5 rats
200 creatures vanquished.

Vanquished Creatures (others)
  An orc wizard (D:7)
  A kobold (D:8)
2 creatures vanquished.

Grand Total: 202 creatures vanquished

Notes
Turn   | Place    | Note
-------+----------+-------------------------------------------
     0 | D:1      | mike2R the Draconian Venom Mage began the quest for the Orb.
     0 | D:1      | Reached XP level 1. HP: 14/14 MP: 3/3
   254 | D:1      | Reached XP level 2. HP: 17/20 MP: 0/5
   261 | D:1      | Learned a level 2 spell: Poisonous Vapours
   594 | D:1      | Reached skill level 4 in Poison Magic
   766 | D:1      | Reached XP level 3. HP: 26/26 MP: 4/6
   771 | D:1      | Learned a level 3 spell: Mephitic Cloud
  1517 | D:2      | Noticed Terence
  1525 | D:2      | Killed Terence
  1525 | D:2      | Reached skill level 5 in Poison Magic
  1525 | D:2      | Reached XP level 4. HP: 33/33 MP: 1/7
  1761 | D:2      | Noticed Robin
  1867 | D:1      | Killed Robin
  2460 | D:2      | Reached XP level 5. HP: 38/38 MP: 3/8
  2475 | D:2      | Found a bloodstained altar of Trog.
  2717 | D:3      | Reached skill level 1 in Air Magic
  4053 | D:4      | Reached skill level 1 in Fighting
  4053 | D:4      | Reached skill level 1 in Maces & Flails
  4192 | D:4      | Reached XP level 6. HP: 44/47 MP: 9/9
  5343 | D:5      | Entered Level 5 of the Dungeon
  5348 | D:5      | Noticed an ice beast
  5363 | D:4      | Your scales start taking on a lurid green colour.
  5363 | D:4      | Reached skill level 6 in Poison Magic
  5363 | D:4      | Reached XP level 7. HP: 50/56 MP: 2/10
  5363 | D:4      | Gained mutation: Your system is resistant to poisons. (rPois) [Green Draconian growth]
  5872 | D:5      | Found a sand-covered staircase.
  6572 | D:5      | Reached XP level 8. HP: 67/67 MP: 4/11
  6701 | D:6      | Found a snail-covered altar of Cheibriados.
  6740 | D:6      | Found Tadumelu's Jewellery Emporium.
  6756 | D:6      | Became a worshipper of Cheibriados the Contemplative
  6806 | D:6      | Reached skill level 1 in Invocations
  6850 | D:6      | Found a white marble altar of Elyvilon.
  7326 | D:6      | Found Eshrot's Distillery.
  7482 | D:6      | Reached skill level 7 in Poison Magic
  7605 | D:6      | Found Konkeu Myff's Jewellery Shoppe.
  7621 | D:6      | Found Vueqeg's Antique Armour Shoppe.
  7707 | D:6      | Reached skill level 8 in Poison Magic
  7733 | D:6      | Reached * piety under Cheibriados
  8067 | D:6      | Learned a level 5 spell: Venom Bolt
  8096 | D:7      | Found a staircase to the Ecumenical Temple.
  8226 | Temple   | Entered the Ecumenical Temple
  8481 | D:7      | Found a sacrificial altar of Ru.
  8517 | D:7      | Noticed a hippogriff
  8525 | D:7      | Killed a hippogriff
  8525 | D:7      | Reached XP level 9. HP: 70/72 MP: 8/12
  8759 | D:6      | Reached skill level 9 in Poison Magic
  8760 | D:6      | Upgraded the game from 0.20-b1-18-gaa2fd62 to 0.20-b1-24-gb21faa7
  8837 | D:7      | Reached ** piety under Cheibriados
  9046 | D:7      | Found Geluhasa's Jewellery Shoppe.
  9097 | D:7      | Reached skill level 5 in Invocations
  9449 | D:8      | Found a stormy altar of Qazlal.
  9763 | D:8      | Noticed a two-headed ogre
  9783 | D:8      | Reached skill level 1 in Throwing
  9785 | D:8      | Slain by a two-headed ogre

Skill      XL: |  1  2  3  4  5  6  7  8  9 |
---------------+----------------------------+-----
Poison Magic   | 4 5 6 8 9 |  9.2
Conjurations   | 2 4 |  4.6
Air Magic      | 1 |  1.8
Dodging        | 2 3 4 |  4.3
Fighting       | 1 2 4 |  4.9
Maces & Flails | 1 2 4 |  4.4
Invocations    | 4 6 |  6.2
Throwing       | 1 |  1.1
Stealth        | |  1.7
Spellcasting   | |  2.0

Action                   |  1- 3 |  4- 6 |  7- 9 || total
-------------------------+-------+-------+-------++-------
Melee: Club              |    67 |       |       ||    67
       Unarmed           |     1 |       |       ||     1
       Tailslap          |    11 |    14 |    55 ||    80
       Flail             |       |   216 |   468 ||   684
Throw: Stone             |     9 |     2 |     1 ||    12
       Javelin           |       |     5 |    12 ||    17
 Cast: Sting             |    28 |    45 |    23 ||    96
       Poisonous Vapours |    17 |    17 |    52 ||    86
       Mephitic Cloud    |     1 |     6 |     5 ||    12
       Venom Bolt        |       |       |     3 ||     3
Invok: Bend Time         |       |       |     3 ||     3
 Abil: Breathe Noxious F |       |       |    12 ||    12
Evoke: Wand              |       |       |     3 ||     3
  Use: Potion            |     1 |     2 |     6 ||     9
       Scroll            |       |     4 |    12 ||    16
 Stab: Sleeping          |     1 |     3 |     4 ||     8
       Confused          |       |       |     2 ||     2
       Distracted        |       |       |     1 ||     1
  Eat: Chunk             |     4 |    15 |    15 ||    34
       Bread ration      |       |       |     2 ||     2
       Royal jelly       |       |       |     3 ||     3
       Fruit             |       |       |     2 ||     2
       Meat ration       |       |       |     1 ||     1
Armor: Skin              |    29 |   105 |   249 ||   383
Dodge: Dodged            |    52 |   167 |   377 ||   596
